 Dungeon Sprint DCSS version 0.19.0-2-gae57169 (webtiles) character file.

7764 LORDOFBUTT the Severer (level 11, -60/117 HPs)
             Began as a Minotaur Berserker on Nov 4, 2016.
             Was the Champion of Trog.
             Killed from afar by a golden dragon (74 damage)
             ... with a bolt of fire
             ... in the Dungeon (Sprint I: "Red Sonja").
             The game lasted 00:05:38 (2536 turns).

LORDOFBUTT the Severer (Minotaur Berserker)         Turns: 2536, Time: 00:05:40

Health: -60/117    AC: 13    Str: 25    XL:     11   Next: 1%
Magic:  10/10      EV: 14    Int:  4    God:    Trog [******]
Gold:   843        SH:  0    Dex: 10    Spells: 0 memorised, 10 levels left

rFire  . . .     SeeInvis .     o - +2 battleaxe (flame)
rCold  + . .     Gourm    .     k - +0 scale mail "Xayd Bic" {rC+ rN+ rCorr} (curse)
rNeg   + . .     Faith    .     (shield currently unavailable)
rPois  .         Spirit   .     (helmet restricted)
rElec  .         Reflect  .     m - +2 cloak
rCorr  +         Harm     .     (no gloves)
MR     .....     NoTele   +     (no boots)
Stlth  ..........               (no amulet)
                                (no ring)
                                (no ring)

@: drained
A: retaliatory headbutt, horns 2
a: Berserk, Trog's Hand, Brothers in Arms, Burn Spellbooks, Renounce Religion


You were in the Dungeon.
You worshipped Trog.
Trog was exalted by your worship.
You were not hungry.

You visited 1 branch You collected 1389 gold pieces.
You spent 546 gold pieces at shops.

Inventory:

Hand Weapons
 a - a +0 hand axe
 l - a +6 triple sword of slicing
 o - a +2 battleaxe of flaming (weapon)
Missiles
 n - 2 needles of sleeping
Armour
 j - a +0 ring mail
 k - the cursed +0 scale mail "Xayd Bic" (worn) {rC+ rN+ rCorr}
   (You bought it in a shop in the Dungeon)

   It protects you from cold.
   It protects you from negative energy.
   It protects you from acid and corrosion.
   It has a curse placed upon it.
 m - a +2 cloak (worn)
Scrolls
 b - a scroll of enchant weapon {unknown}
 c - 2 scrolls of identify {unknown}
 i - a scroll of blinking
Potions
 d - 2 potions of curing
 e - 2 potions of heal wounds
 f - a potion of haste
 g - 2 potions of magic
 h - a potion of berserk rage


   Skills:
 + Level 17.0(16.6) Fighting
 - Level 8.6(8.3) Long Blades
 * Level 17.2(16.7) Axes
 + Level 13.9(13.5) Armour
 + Level 9.9(9.5) Dodging
 + Level 2.3(2.0) Stealth


You had 10 spell levels left.
You didn't know any spells.

Dungeon Overview and Level Annotations

Branches:
Dungeon (1/1)

Altars:
Cheibriados
Dithmenos
Elyvilon
Fedhas
Gozag
Hepliaklqana
Kikubaaqudgha
Makhleb
Nemelex Xobeh
Okawaru
Qazlal
Ru
Sif Muna
Trog
Uskayaw
Vehumet
Xom
Yredelemnul
Zin
The Shining One
Jiyva
Lugonu

Shops:
D ([[


Innate Abilities, Weirdness & Mutations

You reflexively headbutt those who attack you in melee.
You have a pair of horns on your head.


Message History

* * * LOW HITPOINT WARNING * * *
There is an open door here.
You now have 843 gold pieces (gained 11).
You are engulfed in a cloud of scalding steam.
You close the door.
You are engulfed in a cloud of scalding steam.
You're standing in a cloud of steam!
You are engulfed in a cloud of scalding steam.
* * * LOW HITPOINT WARNING * * *
You open the door.
A shadow dragon and a golden dragon come into view.
The golden dragon roars deafeningly!
Found a glowing chain mail and a glass ring.
The shadow dragon breathes negative energy at you.
The bolt of negative energy hits you! You partially resist.
You feel drained.
* * * LOW HITPOINT WARNING * * *
The golden dragon breathes fire at you. The bolt of fire hits you!
Ouch! That really hurt!
You die...

##################
§§§.§.§§§#^^+.§§§#
§§§§§##.)'^(#§§§§##
#.§§#######§#§.§§$#
###+# #..#§§§$§#
#.# #..##§..§# #..
#..≈###+## ##.
#..≈.:#@# .#
#..≈e##'# ##
#..≈##..§
#..≈#....§
≈..##..§§D§
M≈..#§§§§.D[
##..#§§§ §§..
'..##.. .. ..


You could see a shadow dragon and a golden dragon.

Vanquished Creatures
  A hydra (D)
  Sonja (D)
  A deep troll (D)
  A lindwurm (D)
  2 sirens (D)
  2 gargoyles (D)
  2 kobold demonologists (D)
  4 demonic crawlers (D)
  A hellwing (D)
  A hornet (D)
  A slime creature (D)
  Sigmund (D)
  A yak (D)
  13 hogs (D)
  2 floating eyes (D)
  An ogre (D)
  A jelly (D)
  Ijyb (D)
  2 ballistomycetes (D)
  A ballistomycete spore (D)
40 creatures vanquished.

Vanquished Creatures (others)
  3 hornets (D)
  A ballistomycete spore (D)
4 creatures vanquished.

Grand Total: 44 creatures vanquished

Notes
Turn   | Place    | Note
-------+----------+-------------------------------------------
     0 | D        | LORDOFBUTT the Minotaur Berserker began the quest for the Orb.
     0 | D        | Reached XP level 1. HP: 19/19 MP: 0/0
     1 | D        | Noticed Ijyb
    16 | D        | Killed Ijyb
    16 | D        | Reached skill level 5 in Fighting
    16 | D        | Reached skill level 5 in Axes
    16 | D        | Reached XP level 2. HP: 21/29 MP: 1/1
   101 | D        | Noticed an ogre
   105 | D        | Killed an ogre
   105 | D        | Reached XP level 3. HP: 24/39 MP: 2/2
   105 | D        | Reached XP level 4. HP: 29/47 MP: 3/3
   232 | D        | Noticed Sigmund
   237 | D        | Killed Sigmund
   237 | D        | Reached ** piety under Trog
   237 | D        | Reached skill level 10 in Axes
   237 | D        | Reached skill level 5 in Armour
   237 | D        | Reached skill level 5 in Dodging
   237 | D        | Reached XP level 5. HP: 57/57 MP: 4/4
   276 | D        | Found a deep blue altar of Sif Muna.
   278 | D        | Found a radiant altar of Vehumet.
   285 | D        | Reached XP level 6. HP: 49/66 MP: 5/5
   381 | D        | Found Xohan's Antique Armour Emporium.
   381 | D        | Found an ancient bone altar of Kikubaaqudgha.
   381 | D        | Found a hazy altar of Hepliaklqana.
   381 | D        | Found a stormy altar of Qazlal.
   381 | D        | Found a hide-covered altar of Uskayaw.
   381 | D        | Found a blossoming altar of Fedhas.
   381 | D        | Found a bloodstained altar of Trog.
   381 | D        | Found an iron altar of Okawaru.
   381 | D        | Found a basalt altar of Yredelemnul.
   381 | D        | Found a glowing golden altar of the Shining One.
   381 | D        | Found a snail-covered altar of Cheibriados.
   381 | D        | Found a sacrificial altar of Ru.
   381 | D        | Found a glowing silver altar of Zin.
   381 | D        | Found a shadowy altar of Dithmenos.
   381 | D        | Found a white marble altar of Elyvilon.
   381 | D        | Noticed a yak
   394 | D        | Killed a yak
   394 | D        | Reached skill level 10 in Fighting
   395 | D        | Found an opulent altar of Gozag.
   396 | D        | Found a sparkling altar of Nemelex Xobeh.
   579 | D        | Bought a heavily runed scale mail for 252 gold pieces
   589 | D        | Identified the cursed +0 scale mail "Xayd Bic" {rC+ rN+ rCorr} (You bought it in a shop in the Dungeon)
   609 | D        | Noticed Sonja
   613 | D        | Killed Sonja
   613 | D        | Reached *** piety under Trog
   613 | D        | Reached XP level 7. HP: 78/78 MP: 6/6
   718 | D        | Found a burning altar of Makhleb.
   718 | D        | Found a viscous altar of Jiyva.
   718 | D        | Found a shimmering altar of Xom.
   718 | D        | Found a corrupted altar of Lugonu.
   718 | D        | Noticed a slime creature
   732 | D        | Killed a slime creature
   732 | D        | Reached XP level 8. HP: 57/85 MP: 7/7
   873 | D        | Found Cuschuse's Weapon Boutique.
  1070 | D        | Bought a glowing cloak for 294 gold pieces
  1086 | D        | Noticed a deep troll
  1098 | D        | Killed a deep troll
  1141 | D        | Found Reineiby's Armour Emporium.
  1196 | D        | Noticed a kobold demonologist
  1197 | D        | Noticed a kobold demonologist
  1197 | D        | Paralysed by a floating eye for 3 turns
  1198 | D        | Noticed a red devil
  1198 | D        | Noticed a hellwing
  1202 | D        | Reached **** piety under Trog
  1206 | D        | Killed a kobold demonologist
  1206 | D        | Reached skill level 15 in Axes
  1206 | D        | Reached XP level 9. HP: 95/95 MP: 8/8
  1211 | D        | Killed a kobold demonologist
  1211 | D        | Reached skill level 10 in Armour
  1292 | D        | Noticed a demonic crawler
  1292 | D        | Noticed a demonic crawler
  1292 | D        | Noticed a demonic crawler
  1292 | D        | Noticed a demonic crawler
  1299 | D        | Killed a demonic crawler
  1299 | D        | Reached ***** piety under Trog
  1299 | D        | Reached skill level 1 in Stealth
  1304 | D        | Killed a demonic crawler
  1304 | D        | Received a gift from Trog
  1307 | D        | Killed a demonic crawler
  1312 | D        | Killed a demonic crawler
  1312 | D        | Reached skill level 15 in Fighting
  1367 | D        | Noticed a lindwurm
  1374 | D        | Killed a lindwurm
  1615 | D        | Noticed a gargoyle
  1625 | D        | Killed a gargoyle
  1625 | D        | Reached XP level 10. HP: 80/106 MP: 9/9
  1831 | D        | Received a gift from Trog
  1832 | D        | Reached skill level 5 in Long Blades
  1834 | D        | Received a gift from Trog
  1885 | D        | Noticed a 12-headed hydra
  1889 | D        | Killed an eight-headed hydra
  1889 | D        | Received a gift from Trog
  1890 | D        | Paralysed by a floating eye for 3 turns
  1931 | D        | Noticed a gargoyle
  1934 | D        | Killed a gargoyle
  1934 | D        | Received a gift from Trog
  2096 | D        | Noticed a siren
  2096 | D        | Noticed a deep elf annihilator
  2108 | D        | Killed a siren
  2108 | D        | Reached ****** piety under Trog
  2130 | D        | Noticed a mummy priest
  2266 | D        | Noticed a siren
  2270 | D        | Killed a siren
  2270 | D        | Reached XP level 11. HP: 76/117 MP: 10/10
  2535 | D        | Noticed a shadow dragon
  2535 | D        | Noticed a golden dragon
  2536 | D        | Killed from afar by a golden dragon

Skill      XL: |  1  2  3  4  5  6  7  8  9 10 |
---------------+-------------------------------+-----
Fighting       | 5 7 9 12 14 15 17 | 17.0
Axes           | 5 8 10 13 15 16 17 | 17.2
Armour         | 3 4 5 7 8 9 12 13 | 13.9
Dodging        | 3 4 5 6 7 9 |  9.9
Stealth        | 1 2 |  2.3
Long Blades    | 3 8 |  8.6

Action                   |  1- 3 |  4- 6 |  7- 9 | 10-12 || total
-------------------------+-------+-------+-------+-------++-------
Melee: Hand axe          |    16 |    23 |    61 |       ||   100
       Headbutt          |     4 |     4 |    18 |     4 ||    30
       Triple sword      |       |       |     7 |    16 ||    23
       Battleaxe         |       |       |       |    19 ||    19
Invok: Berserk           |       |     2 |     4 |     1 ||     7
  Use: Scroll            |       |     1 |       |       ||     1
       Potion            |       |       |       |     1 ||     1
  Eat: Bread ration      |       |       |     2 |     1 ||     3
Armor: Animal skin       |     1 |       |       |       ||     1
       Ring mail         |       |     2 |       |       ||     2
       Scale mail        |       |     2 |    23 |    30 ||    55
Dodge: Dodged            |     6 |    11 |    40 |    34 ||    91
       Rpst.: Triple sword |       |       |       |     1 ||     1
